 Dungeon Crawl Stone Soup version 0.31-a0-355-g57cb03d3e8 (webtiles) character file.

Game seed: 12726153426137948799

5 cforsyth the Charlatan (level 1, 0/17 HPs)
             Began as a Gnoll Artificer on July 24, 2023.
             Slain by a hobgoblin (4 damage)
             ... on level 1 of the Dungeon.
             The game lasted 00:00:41 (145 turns).

cforsyth the Charlatan (Gnoll Artificer)             Turns: 145, Time: 00:00:42

Health: 0/17       AC:  3    Str: 11    XL:     1   Next: 80%
Magic:  1/1        EV: 12    Int: 10    God:
Gold:   0          SH:  0    Dex: 12    Spells: 0/0 levels left

rFire   . . .        a - +0 club
rCold   . . .        (no shield)
rNeg    . . .        b - +0 leather armour
rPois   .            (no helmet)
rElec   .            (no cloak)
rCorr   .            (no gloves)
SInv    .            (no boots)
Will    .....        (no amulet)
Stlth   ++           (no ring)
HPRegen 0.22/turn    (no ring)
MPRegen 0.07/turn

%: no passive effects
@: no status effects
A: fangs 1, strong nose, distributed training
a: no special abilities


You were on level 1 of the Dungeon.
You visited 1 branch of the dungeon, and saw 1 of its levels.

Inventory:

Hand Weapons
 a - a +0 club (weapon)
Armour
 b - a +0 leather armour (worn)
Wands
 c - a wand of flame (15) (quivered)
 d - a wand of charming (15)
 e - a wand of iceblast (5)
Scrolls
 g - a scroll of identify {unknown}
Potions
 f - a potion of ambrosia {unknown}


   Skills:
 + Level 2.4 Fighting
 + Level 0.1 Short Blades
 + Level 0.1 Long Blades
 + Level 0.1 Axes
 + Level 0.1 Maces & Flails
 + Level 0.1 Polearms
 + Level 0.1 Staves
 + Level 0.1 Ranged Weapons
 + Level 0.1 Throwing
 + Level 4.4 Armour
 + Level 2.4 Dodging
 + Level 2.2 Stealth
 + Level 0.1 Shields
 + Level 0.1 Unarmed Combat
 + Level 0.1 Spellcasting
 + Level 0.1 Conjurations
 + Level 0.1 Hexes
 + Level 0.1 Summonings
 + Level 0.1 Necromancy
 + Level 0.1 Translocations
 + Level 0.1 Transmutations
 + Level 0.1 Fire Magic
 + Level 0.1 Ice Magic
 + Level 0.1 Air Magic
 + Level 0.1 Earth Magic
 + Level 0.1 Poison Magic
 + Level 0.2 Invocations
 + Level 6.4 Evocations
 + Level 0.1 Shapeshifting


You couldn't memorise any spells.
You didn't know any spells.
Your spell library contained the following spells:

 Spells                   Type           Power      Damage    Failure   Level
 Slow                     Hex            0%         N/A       43%         1
 Confusing Touch          Hex            0%         N/A       80%         3
 Vampiric Draining        Necr           0%         2d6       80%         3


Dungeon Overview and Level Annotations

Branches:
Dungeon (1/15)

Altars:


Innate Abilities, Weirdness & Mutations

You have very sharp teeth.
Your uncanny sense of smell can sniff out nearby items.
Your experience applies equally to all skills.


Message History

The giant cockroach bites you. The hobgoblin barely misses you.
The giant cockroach bites you but does no damage.
The hobgoblin hits you.
You are too injured to fight recklessly!
You are too injured to fight recklessly!
You are too injured to fight recklessly!
You are too injured to fight recklessly!
You are too injured to fight recklessly!
You are too injured to fight recklessly!
You are too injured to fight recklessly!
The giant cockroach attacks as you move away!
The giant cockroach bites you but does no damage.
The dart slug bites you but does no damage.
The giant cockroach attacks as you move away!
The giant cockroach closely misses you. The giant cockroach bites you.
You are too injured to fight recklessly!
You hit the giant cockroach but do no damage.
Your bite misses the giant cockroach. The giant cockroach closely misses you.
You hit the giant cockroach.
The giant cockroach is moderately wounded.
The giant cockroach bites you. x2
* * * LOW HITPOINT WARNING * * *
You hit the giant cockroach.
The giant cockroach is almost dead.
The giant cockroach closely misses you.
You closely miss the giant cockroach. Your bite misses the giant cockroach.
The giant cockroach is almost dead.
The giant cockroach misses you. The giant cockroach closely misses you.
You barely miss the giant cockroach.
The giant cockroach is almost dead.
The giant cockroach barely misses you.
You hit the giant cockroach.
You kill the giant cockroach!
You hit the hobgoblin but do no damage. The hobgoblin closely misses you. x2
You hit the hobgoblin but do no damage. The hobgoblin hits you.
* * * LOW HITPOINT WARNING * * *
You hit the hobgoblin.
The hobgoblin is severely wounded.
The hobgoblin hits you.
You die...

..# ......# .. #.# .....#
#....#. #.# ∆ .....#
#....#. #.#
....####....#.####.)
...........#.#....#
#.........#.#....#
#......#....+.†..+
###+####@.....#.##.#....#
#.....wg#.....#.#.......#
#.......#.###.#.#####.#.#
#.......#.#.#.#.#####...+
#.......#.#.........#...#
#.......#.#...#.###.#...#
###+#####.....#.###.#....
#.......#...#..#.
#.......#.###....


You could see a dart slug and a hobgoblin.

Vanquished Creatures
  An endoplasm (D:1)
  A giant cockroach (D:1)
  A goblin (D:1)
  A ball python (D:1)
  A frilled lizard (D:1)
5 creatures vanquished.

Notes
Turn   | Place    | Note
-------+----------+-------------------------------------------
     0 | D:1      | cforsyth the Gnoll Artificer began the quest for the Orb.
     0 | D:1      | Reached XP level 1. HP: 17/17 MP: 1/1
   145 | D:1      | Slain by a hobgoblin

Illustrated notes

Levels and vault maps discovered:
D:1:      saegor_arrival_simple_b, layout_basic

Action                     || total
---------------------------++-------
  Melee: Club              ||    29
         Bite              ||     2
 Armour: Leather armour    ||     9
  Dodge: Dodged            ||    36

Table legend: (Time is in decaauts)
 A = Elapsed time spent in this place.
 B = Non-inter-level travel time spent in this place.
 C = Inter-level travel time spent in this place.
 D = Time resting spent in this place.
 E = Time spent auto-exploring this place.
 F = Levels seen in this place.
 G = Mean time per level.
                   A        B        C        D        E       F      G
               +--------+--------+--------+--------+--------+-----+--------+
         Total |    153 |    153 |      0 |      0 |     92 |   1 |  153.0 |
       Dungeon |    153 |    153 |      0 |      0 |     92 |   1 |  153.0 |
               +--------+--------+--------+--------+--------+-----+--------+

Top non-repeatable levels by time:
     D:1: 153 daAuts
